 Dungeon Crawl Stone Soup version 0.28-a0-1117-g0bdd5ba030 (webtiles) character file.

Game seed: 13980900184782019037

170 SensoryNuts the Slasher (level 5, -1/34 HPs)
             Began as a Vampire Gladiator on Dec 11, 2021.
             Was a Believer of Hepliaklqana.
             Slain by a gnoll (10 damage)
             ... on level 4 of the Dungeon.
             The game lasted 00:03:36 (2862 turns).

SensoryNuts the Slasher (Vampire Gladiator)         Turns: 2862, Time: 00:03:37

Health: -1/34      AC:  5    Str: 21    XL:     5   Next: 26%
Magic:  5/5        EV: 13    Int: 11    God:    Hepliaklqana [**....]
Gold:   214        SH:  9    Dex: 15    Spells: 4/4 levels left

rFire   + . .      SeeInvis +   a - +0 long sword
rCold   . . .      Faith    .   (no shield)
rNeg    . . .      Spirit   .   b - +0 leather armour
rPois   +          Reflect  +   c - +0 helmet
rElec   .          Harm     .   j - +0 cloak
rCorr   .          Rampage  .   (no gloves)
Will    +....                   (no boots)
Stlth   ++........              f - amulet of reflection
HPRegen 0.31/turn               i - +6 ring of strength
MPRegen 0.09/turn               (no ring)

@: healing quickly, hasted, very quick
A: reduced essence, alive, fangs 3, see invisible, vampiric 2, large bone plates
1, fire resistance 1, strong-willed 1, poison resistance
a: Exsanguinate, Renounce Religion, Ancestor Life: Knight, Ancestor Life:
Battlemage, Ancestor Life: Hexer, Recall Ancestor, Ancestor Identity


You were on level 4 of the Dungeon.
You worshipped Hepliaklqana.
Hepliaklqana was pleased with you.
You visited 1 branch of the dungeon, and saw 4 of its levels.

You collected 214 gold pieces.

Inventory:

Hand Weapons
 a - a +0 long sword (weapon)
Missiles
 d - 3 throwing nets (quivered)
Armour
 b - a +0 leather armour (worn)
 c - a +0 helmet (worn)
 j - a +0 cloak (worn)
Jewellery
 f - an amulet of reflection (around neck)
 i - a +6 ring of strength (left hand)
Scrolls
 h - a scroll of enchant weapon {unknown}
 k - a scroll of summoning {unknown}
Potions
 e - a potion of haste
 g - a potion of might {unknown}


   Skills:
 + Level 2.2 Fighting
 + Level 4.5 Long Blades
 + Level 1.7 Throwing
 + Level 1.9 Armour
 + Level 3.8 Dodging
 + Level 1.6 Stealth
 + Level 0.1 Shields


You had 4 spell levels left.
You didn't know any spells.
Your spell library contained the following spells:

 Spells                   Type           Power      Damage    Failure   Level
 Scorch                   Fire           0%         2d5       52%         2
 Sublimation of Blood     Necr           0%         N/A       52%         2
 Flame Wave               Conj/Fire      0%         2d4       99%         4
 Petrify                  Tmut/Erth      0%         N/A       99%         4
 Irradiate                Conj/Tmut      0%         3d13      100%        5
 Summon Cactus Giant      Summ           0%         N/A       100%        6


Dungeon Overview and Level Annotations

Branches:
Dungeon (4/15)
 Temple: D:4-7

Altars:
Hepliaklqana
Okawaru

Annotations:
D:4 1 runed translucent door, math4jedi's ghost, amateur HOFi


Innate Abilities, Weirdness & Mutations

Your life essence is reduced to manifest your ancestor. (-10% HP)
Your natural rate of healing is accelerated.
You have razor-sharp teeth.
You have supernaturally acute eyesight. (SInv)
You are afflicted with vampirism and can become a bat while bloodless.
You are partially covered in large bone plates. (SH +4)
Your flesh is heat resistant. (rF+)
You are strong-willed. (Will+)
Your system is resistant to poisons. (rPois)


Message History

You closely miss the gnoll shaman. You bite the gnoll shaman.
The gnoll shaman is lightly wounded.
Huemac hits the kobold.
The gnoll shaman barely misses you.
The gnoll hits you from afar with a +0 halberd.
The gnoll hits you from afar with a +0 spear.
The kobold hits you with a +0 short sword.
You feel yourself speed up.
Huemac closely misses the kobold.
The gnoll shaman misses Huemac.
The gnoll completely misses you. You block the gnoll's attack.
The kobold hits you with a +0 short sword.
Unknown command.
You slash the gnoll shaman!
The gnoll shaman is severely wounded.
Huemac hits the kobold.
The kobold dies!
The gnoll shaman hits you with a +0 whip!
* * * LOW HITPOINT WARNING * * *
The gnoll closely misses you. The gnoll barely misses you.
Huemac barely misses the gnoll shaman.
The gnoll closely misses Huemac.
Huemac barely misses the gnoll shaman.
The gnoll shaman calls upon its god to speed up something.
The gnoll barely misses Huemac.
Something barely misses Huemac.
Something hits Huemac.
Huemac hits the gnoll shaman.
Something closely misses Huemac.
Something hits Huemac.
Something hits Huemac.
Found a stone staircase leading up.
Huemac hits the gnoll.
The gnoll shaman calls upon its god to speed up the gnoll.
The gnoll seems to speed up.
Huemac has departed this plane of existence.
The adder hisses angrily.
You closely miss the gnoll. Your bite misses the gnoll.
The gnoll hits you from afar with a +0 spear.
* * * LOW HITPOINT WARNING * * *
You block the gnoll's attack. x2
You hit the gnoll.
The gnoll is heavily wounded.
The gnoll hits you with a +0 flail!
You die...

####### #...########
#...+S≈≈≈!≈ #...#######
##. #.........##......
#............# #.#
#..........## #<#
#######......†..## #.#
#....##g........## #.#
###....@.g.[.....#####.#
#.###.................
#.........g...........
##########..###.......
##########.######....
#......###...........
#......##†...........
#.......)......<.....
#......####...###....


You could see a gnoll shaman, 2 gnolls and an adder.

Vanquished Creatures
  2 iguanas (D:3)
  A gnoll (D:4)
  4 adders
  2 worms (D:2)
  2 ball pythons (D:1)
  3 endoplasms
  2 giant cockroaches
  3 goblins
  4 hobgoblins
  3 jackals (D:1)
  5 kobolds
  5 quokkas
  3 bats
  5 frilled lizards
  4 rats
48 creatures vanquished.

Vanquished Creatures (collateral kills)
  A hound skeleton (D:4)
  A dart slug (D:4)
  A giant cockroach (D:4)
  A kobold (D:4)
  A quokka (D:4)
5 creatures vanquished.

Vanquished Creatures (others)
  2 ancestors
2 creatures vanquished.

Grand Total: 55 creatures vanquished

Notes
Turn   | Place    | Note
-------+----------+-------------------------------------------
     0 | D:1      | SensoryNuts the Vampire Gladiator began the quest for the
                  | Orb.
     0 | D:1      | Reached XP level 1. HP: 16/16 MP: 1/1
   304 | D:1      | Reached XP level 2. HP: 22/22 MP: 2/2
   961 | D:2      | Found a faded altar of an unknown god.
   981 | D:2      | Prayed at the altar of an unknown god.
   981 | D:2      | Became a worshipper of Hepliaklqana the Forgotten
   981 | D:2      | Reached * piety under Hepliaklqana
   997 | D:2      | Gained mutation: You are afflicted with vampirism and can
                  | become a bat while bloodless. [Vampire growth]
   997 | D:2      | Reached XP level 3. HP: 24/24 MP: 3/3
  1753 | D:3      | Found an iron altar of Okawaru.
  1758 | D:3      | Reached skill level 1 in Armour
  2060 | D:3      | Reached ** piety under Hepliaklqana
  2126 | D:3      | Gained mutation: Your flesh is heat resistant. (rF+)
                  | [potion of mutation]
  2126 | D:3      | Gained mutation: You are partially covered in large bone
                  | plates. (SH +4) [potion of mutation]
  2126 | D:3      | Gained mutation: You are strong-willed. (Will+) [potion of
                  | mutation]
  2126 | D:3      | Gained mutation: Your system is resistant to poisons.
                  | (rPois) [potion of mutation]
  2135 | D:3      | Reached skill level 1 in Stealth
  2135 | D:3      | Reached XP level 4. HP: 27/29 MP: 4/4
  2277 | D:3      | Reached skill level 4 in Long Blades
  2718 | D:4      | Found a runed translucent door.
  2722 | D:4      | Noticed math4jedi's ghost (amateur HOFi)
  2789 | D:4      | Reached XP level 5. HP: 34/34 MP: 5/5
  2862 | D:4      | Slain by a gnoll

Illustrated notes

Levels and vault maps discovered:
D:1:      dpeg_arrival_concentric_ovals, layout_basic,
          hangedman_decor_diamond_cutter, roderic_roman_lattice,
          minmay_hedge_maze
D:2:      layout_basic, shapermc_ecumenical_altar_starsandcircs
D:3:      layout_loops_corners, mainiacjoe_overflow_six_doors_small
D:4:      layout_rooms, ebering_ghost_sewer_d, minmay_pentomino_pile

Skill      XL: |  1  2  3  4 |
---------------+-------------+-----
Fighting       | 2 |  2.2
Armour         | 1 |  1.9
Stealth        | 1 |  1.6
Long Blades    | 4 |  4.5
Throwing       | |  1.7
Dodging        | |  3.8
Shields        | |  0.1

Action                   |  1- 3 |  4- 6 || total
-------------------------+-------+-------++-------
Melee: Long sword        |    96 |    66 ||   162
       Bite              |    10 |     7 ||    17
  Use: Potion            |     4 |     1 ||     5
       Scroll            |     1 |       ||     1
 Stab: Sleeping          |     2 |     1 ||     3
Armor: Leather armour    |    25 |     9 ||    34
Dodge: Dodged            |    70 |    45 ||   115
Block: Other             |       |    17 ||    17

Table legend: (Time is in decaauts)
 A = Elapsed time spent in this place.
 B = Non-inter-level travel time spent in this place.
 C = Inter-level travel time spent in this place.
 D = Time resting spent in this place.
 E = Time spent auto-exploring this place.
 F = Levels seen in this place.
 G = Mean time per level.
                   A        B        C        D        E       F      G
               +--------+--------+--------+--------+--------+-----+--------+
         Total |   2868 |   2868 |      0 |      0 |   2310 |   4 |  717.0 |
       Dungeon |   2868 |   2868 |      0 |      0 |   2310 |   4 |  717.0 |
               +--------+--------+--------+--------+--------+-----+--------+

Top non-repeatable levels by time:
     D:3: 926 daAuts
     D:2: 919 daAuts
     D:1: 840 daAuts
     D:4: 182 daAuts
